Map: Zen LE

Players

IlIlIlIlIlIl - Winner!

  • Race: Terran Terran
  • League: Master
  • Spawn Location: 7:00

BlyOnFire (Bly)

  • Race: Zerg Zerg
  • League: Master
  • Spawn Location: 1:00

VOD

Have the link to the VOD?

Description

Time

  • Played on: March 12, 2020, 3:46 p.m.
  • Length: 11:12
Show
View Real Time Build Order
Export as new Build Order

IlIlIlIlIlIl Terran - Winner!

Build Orders: Reaper Expand 

Get SALT Encoding   

  12  0:00  SCV  
  13  0:12  SCV  
  14  0:17  Supply Depot  
  14  0:24  SCV  
  15  0:39  SCV  
  15  0:40  Barracks  
  16  0:44  Refinery  
  16  0:51  SCV  
  17  1:03  SCV  
  18  1:15  SCV  
  19  1:27  Reaper, Orbital Command  
  20  1:40  Command Center  
  20  1:52  SCV  
  21  1:55  Barracks  
  21  1:59  Barracks Reactor  
  21  2:04  SCV  
  22  2:09  Supply Depot  
  22  2:17  SCV  
  22  2:19  Engineering Bay  
  23  2:30  SCV  
  23  2:33  Factory  
  24  2:38  Marine x2  
  24  2:42  SCV  
  24  2:43  Refinery  
  27  2:53  Barracks Tech Lab  
  27  2:54  SCV  
  27  2:58  Orbital Command  
  27  3:00  Marine  
  27  3:02  Marine  
  29  3:06  SCV  
  29  3:11  Marine  
  29  3:12  Stimpack  
  31  3:19  SCV  
  32  3:21  Marine x2  
  32  3:24  SCV  
  35  3:31  SCV  
  35  3:33  Starport  
  36  3:36  SCV  
  36  3:37  Factory Reactor  
  36  3:39  Marine  
  36  3:41  Marine  
  38  3:43  SCV  
  38  3:46  Supply Depot  
  38  3:48  SCV  
  41  3:52  Marine  
  41  3:55  SCV  
  43  3:57  Marine  
  43  4:00  SCV  
  45  4:04  Marine  
  45  4:07  Supply Depot  
  45  4:08  SCV  
  46  4:12  SCV  
  47  4:18  Medivac x2  
  47  4:19  Marine x2  
  47  4:20  SCV  
  54  4:29  SCV, Engineering Bay x2, Marine  
  56  4:33  Supply Depot  
  56  4:34  SCV  
  56  4:37  Marine  
  58  4:39  Marine  
  58  4:41  SCV  
  60  4:46  SCV  
  61  4:56  Terran Infantry Armor Level 1, Terran Infantry Weapons Level 1  
  60  5:00  Marine  
  60  5:01  Marine  
  60  5:03  Command Center  
  60  5:04  Marine  
  63  5:12  Combat Shield  
  63  5:22  Marine x2  
  63  5:23  Marine  
  63  5:24  SCV x2  
  63  5:26  Refinery  
  63  5:27  Refinery  
  67  5:29  Barracks  
  67  5:31  Factory Tech Lab, Supply Depot  
  67  5:36  SCV  
  67  5:37  SCV  
  67  5:40  Marine  
  70  5:49  Marine x2  
  70  5:52  SCV x2  
  70  5:54  Siege Tank  
  70  5:55  Medivac  
  66  5:58  Marine  
  66  6:04  Medivac  
  69  6:06  SCV x2  
  69  6:07  Marine x2  
  73  6:13  Barracks  
  73  6:15  Barracks  
  73  6:17  Orbital Command  
  73  6:18  Marine  
  73  6:20  Barracks Reactor  
  73  6:24  Marine  
  75  6:26  Armory  
  75  6:27  SCV  
  75  6:28  SCV  
  77  6:33  Marine  
  77  6:36  Orbital Command, Marine  
  77  6:39  SCV  
  80  6:40  SCV  
  81  6:47  Marine  
  81  6:50  Marine  
  81  6:51  SCV, Supply Depot  
  81  6:52  SCV  
  85  6:54  Marine  
  85  6:56  Marine x2  
  88  7:03  SCV  
  88  7:04  SCV  
  88  7:05  SCV, Marine  
  92  7:14  Terran Infantry Armor Level 2, Terran Infantry Weapons Level 2  
  92  7:15  SCV  
  93  7:16  SCV  
  93  7:17  SCV  
  93  7:18  Marine x3  
  93  7:19  Barracks Reactor x2  
  93  7:20  Siege Tank  
  101  7:31  Supply Depot x2  
  101  7:32  Supply Depot  
  101  7:36  Barracks  
  101  7:37  Barracks x2  
  101  7:42  SCV x3, Marine x2  
  101  7:43  Marine x2  
  108  7:52  Medivac x2  
  108  7:56  Siege Tank, Marine x5  
  108  7:58  SCV  
  115  8:01  Marine  
  115  8:02  Supply Depot  
  115  8:04  Marine x2  
  118  8:10  Marine  
  119  8:13  Marine  
  119  8:16  Supply Depot  
  120  8:22  Medivac x2  
  120  8:26  Marine  
  124  8:27  Marine x6  
  124  8:28  Barracks Reactor x3  
  124  8:29  Marine  
  124  8:31  Marine  
  133  8:34  Siege Tank  
  136  8:44  Marine x5  
  136  8:45  Marine x2  
  136  8:47  Marine  
  142  8:50  Marine  
  142  8:52  Medivac x2  
  147  8:56  Supply Depot  
  147  9:02  Supply Depot, Marine x3  
  147  9:03  Supply Depot x2  
  147  9:07  Marine x2  
  149  9:17  Marine x8  
  149  9:22  Marine  
  149  9:24  Medivac x2, Marine x4  
  162  9:25  Marine x2  
  167  9:35  Marine x8  
  175  9:39  Marine  
  175  9:41  Marine  
  175  9:42  Marine x3  
  175  9:43  Marine x2  
  166  9:53  Marine x5  
  166  9:56  Marine x3  
  166  9:57  Marine  
  170  10:00  Marine  
  170  10:01  Marine  
  170  10:02  Medivac  
  170  10:03  Medivac  
  170  10:05  Marine  
  170  10:06  Marine  
  178  10:07  Marine x2  
  177  10:18  Supply Depot x2  
  177  10:27  Marine x2  
  177  10:35  Marine  
  177  10:37  Marine x2  
  154  10:44  Marine  
  154  10:45  Marine x2  
  154  10:49  Marine x2  
Show
View Real Time Build Order
Export as new Build Order

BlyOnFire Zerg 

Build Orders: Hatch First 

Get SALT Encoding   

  12  0:02  Drone  
  13  0:12  Overlord  
  13  0:16  Drone  
  14  0:31  Drone x2  
  16  0:49  Hatchery  
  15  0:52  Drone  
  15  0:55  Drone  
  17  0:58  Drone  
  18  1:09  Extractor  
  17  1:14  Spawning Pool  
  17  1:17  Drone  
  17  1:20  Drone  
  18  1:28  Drone  
  19  1:38  Drone  
  20  1:50  Overlord  
  20  2:01  Queen x2, Zergling x2  
  22  2:02  Zergling x2  
  26  2:11  Drone  
  26  2:13  Drone, Metabolic Boost  
  28  2:22  Drone  
  29  2:24  Drone  
  29  2:25  Extractor  
  30  2:39  Queen  
  30  2:40  Overlord  
  31  2:44  Drone x3  
  34  2:55  Extractor  
  33  2:59  Overlord  
  33  3:03  Hatchery  
  33  3:05  Overlord  
  32  3:09  Drone x2  
  32  3:11  Drone  
  35  3:21  Drone x3  
  35  3:22  Drone  
  39  3:33  Zergling x4  
  41  3:40  Drone x3  
  41  3:41  Drone  
  45  3:43  Queen  
  45  3:46  Drone  
  48  3:49  Drone  
  48  3:51  Drone x2  
  51  3:55  Drone  
  51  3:56  Drone, Evolution Chamber  
  51  3:59  Queen  
  51  4:01  Overlord  
  54  4:12  Overlord  
  54  4:14  Overlord  
  54  4:15  Queen, Overlord  
  56  4:19  Overlord  
  56  4:24  Zerg Ground Armor Level 1  
  56  4:27  Queen  
  56  4:28  Drone  
  59  4:39  Queen  
  59  4:42  Drone  
  59  4:44  Zergling x12  
  68  4:55  Zergling x12  
  74  5:00  Overlord  
  74  5:08  Drone x2  
  74  5:09  Evolution Chamber, Zergling x12  
  74  5:11  Overlord  
  74  5:14  Overlord  
  79  5:15  Overlord  
  76  5:23  Overlord  
  76  5:25  Overlord  
  76  5:33  Drone x6  
  76  5:34  Zerg Melee Weapons Level 1, Lair  
  82  5:41  Overlord  
  82  5:42  Zergling x6  
  85  5:47  Overlord  
  84  5:54  Drone x2  
  84  5:56  Extractor  
  85  5:58  Baneling Nest  
  84  6:05  Drone x7  
  84  6:08  Hatchery  
  84  6:10  Extractor  
  89  6:20  Drone x6  
  94  6:27  Hatchery  
  93  6:33  Drone  
  93  6:34  Drone x6  
  93  6:35  Extractor  
  93  6:36  Extractor  
  98  6:40  Drone  
  98  6:44  Centrifical Hooks  
  99  6:49  Drone  
  99  6:50  Drone x4  
  99  6:51  Extractor  
  103  6:56  Hatchery, Overlord  
  103  7:00  Overlord  
  102  7:03  Overlord  
  100  7:09  Zergling x6  
  100  7:11  Overlord  
  100  7:13  Overlord  
  100  7:18  Baneling x8  
  100  7:19  Zergling x8  
  100  7:21  Overlord  
  104  7:30  Zerg Melee Weapons Level 2  
  104  7:33  Drone x3  
  104  7:34  Zerg Ground Armor Level 2  
  107  7:40  Hatchery  
  106  7:46  Drone x4  
  106  7:47  Drone  
  103  7:59  Zergling x14  
  110  8:08  Zergling x6  
  110  8:10  Hatchery  
  112  8:13  Zergling x2  
  112  8:14  Zergling x2  
  112  8:15  Baneling x10  
  112  8:18  Spire  
  111  8:20  Zergling x14  
  111  8:23  Overlord  
  111  8:26  Zergling x2  
  115  8:34  Zergling x14  
  122  8:38  Drone x3  
  125  8:51  Drone x12, Spire  
  125  8:55  Overlord  
  134  9:07  Extractor  
  131  9:14  Overlord  
  131  9:15  Extractor  
  123  9:30  Zergling x28  
  123  9:31  Zergling x16  
  145  9:38  Hatchery  
  144  9:44  Zergling x22  
  136  9:51  Zergling x2  
  136  9:52  Zergling x8  
  139  9:59  Queen, Zergling x14  
  142  10:00  Queen  
  142  10:03  Baneling x15  
  142  10:04  Overlord  
  140  10:08  Mutalisk x5  
  149  10:22  Zergling x20  
  159  10:30  Hatchery  
  159  10:31  Mutalisk x7  
  128  10:43  Zergling x8  
  128  10:44  Zergling x8  
  128  10:47  Mutalisk x5  
Tags
 
Add a new tag
Caveats
  • Supply blocks, unpowered buildings, or Contaminate may cause inaccurate times.
  • Supply counts are checked every 10 seconds.